TOP OF THE 1ST |
West Michigan Whitecaps batting - Pitching for Charleston RiverDogs : LHP Dustin Shaw
|
Pitching: LHP Dustin Shaw
|
|
Batting: LHB Timotheus Young
|
0-0: Ball 1-0: Ball 2-0: SINGLE (Line Drive, 4D, EV 96.9 MPH)
|
Batting: RHB Yankel Pensak
|
0-0: Called Strike 0-1: Fly out, F9 (Line Drive, 89S, EV 90.6 MPH)
|
Batting: RHB Eric Angelle
|
0-0: Ball 1-0: Called Strike 1-1: Ball Timotheus Young steals 2nd base (no throw) 2-1: Ball 3-1: Ground out 5-3 (Groundball, 56, EV 83.1 MPH)
|
Batting: RHB Ernst Meloche
|
0-0: Foul Ball, location: 2F 0-1: Swinging Strike 0-2: Foul Ball, location: 2F 0-2: Ball 1-2: Ground out 5-3 (Groundball, 56, EV 85.0 MPH)
|
Top of the 1st over - 0 runs, 1 hit, 0 errors, 1 left on base; West Michigan 0 - Charleston 0 |
BOTTOM OF THE 1ST |
Charleston RiverDogs batting - Pitching for West Michigan Whitecaps : RHP Chris Wilkerson
|
Pitching: RHP Chris Wilkerson
|
|
Batting: LHB Ernesto Abreu
|
0-0: Ball 1-0: Ball 2-0: Ball 3-0: Base on Balls
|
Batting: LHB Joe Vida
|
0-0: Ball 1-0: Ball Ernesto Abreu steals 2nd base 2-0: Foul Ball, location: 2F 2-1: Swinging Strike 2-2: Ball 3-2: Foul Ball, location: 2F 3-2: Foul Ball, location: 2F 3-2: Foul Ball, location: 2F 3-2: Foul Ball, location: 2F 3-2: Base on Balls
|
Batting: LHB Marc Durgin
|
0-0: Called Strike 0-1: Called Strike Ernesto Abreu steals 3rd base 0-2: Ball 1-2: Strikes out swinging
|
Batting: RHB Iften Olujimi
|
0-0: SINGLE (Line Drive, 6D, EV 95.0 MPH) Ernesto Abreu scores Joe Vida to second
|
Batting: RHB Mike Zern
|
0-0: Called Strike 0-1: Called Strike 0-2: Ball 1-2: Ball 2-2: Foul Ball, location: 2F 2-2: Ball 3-2: Strikes out looking
|
Batting: RHB Jeff McClellan
|
0-0: Fly out, F9 (Flyball, 89S, EV 89.4 MPH)
|
Bottom of the 1st over - 1 run, 1 hit, 0 errors, 2 left on base; West Michigan 0 - Charleston 1 |
TOP OF THE 2ND |
West Michigan Whitecaps batting - Pitching for Charleston RiverDogs : LHP Dustin Shaw
|
Batting: LHB George Moran
|
0-0: Ball 1-0: Called Strike 1-1: Swinging Strike 1-2: Ground out 4-3 (Groundball, 34, EV 85.0 MPH)
|
Batting: RHB Aaron Cusick
|
0-0: Ball 1-0: Ball 2-0: Foul Ball, location: 2F 2-1: Ball 3-1: SINGLE (Groundball, 56, EV 94.4 MPH)
|
Batting: RHB Kevin Steed
|
0-0: Fly out, F9 (Flyball, 89D, EV 106.2 MPH)
|
Batting: SHB Ian Arlotta
|
0-0: Ball 1-0: Called Strike 1-1: Foul Ball, location: 2F 1-2: Strikes out swinging
|
Top of the 2nd over - 0 runs, 1 hit, 0 errors, 1 left on base; West Michigan 0 - Charleston 1 |
BOTTOM OF THE 2ND |
Charleston RiverDogs batting - Pitching for West Michigan Whitecaps : RHP Chris Wilkerson
|
Batting: RHB Nate Singleton
|
0-0: Ground out 5-3 (Groundball, 5S, EV 70.6 MPH)
|
Batting: LHB Andrew Davis
|
0-0: Ball 1-0: Foul Ball, location: 2F 1-1: Swinging Strike 1-2: Foul Ball, location: 2F 1-2: Strikes out swinging
|
Batting: RHB Louwe Starmans
|
0-0: Foul Ball, location: 2F 0-1: Swinging Strike 0-2: Foul Ball, location: 2F 0-2: Ball 1-2: Strikes out swinging
|
Bottom of the 2nd over - 0 runs, 0 hits, 0 errors, 0 left on base; West Michigan 0 - Charleston 1 |
TOP OF THE 3RD |
West Michigan Whitecaps batting - Pitching for Charleston RiverDogs : LHP Dustin Shaw
|
Batting: RHB Jordan Hall
|
0-0: Called Strike 0-1: Ball 1-1: Foul Ball, location: 2F 1-2: Ball 2-2: Ball 3-2: Base on Balls
|
Batting: LHB Timotheus Young
|
0-0: Called Strike 0-1: Fielders Choice at 2nd, 5-4 (Groundball, 5L, EV 80.0 MPH)
|
Batting: RHB Yankel Pensak
|
0-0: Ball 1-0: Foul Ball, location: 2F 1-1: SINGLE (Line Drive, 89M, EV 94.4 MPH) Timotheus Young to second
|
Batting: RHB Eric Angelle
|
0-0: Ball 1-0: Ball 2-0: Ball 3-0: Fielders Choice at 2nd, 1-4 (Groundball, 15S, EV 65.6 MPH) Timotheus Young to third
|
Batting: RHB Ernst Meloche
|
0-0: Foul Ball, location: 2F 0-1: Foul Ball, location: 2F 0-2: Ball 1-2: Fly out, F8 (Flyball, 8RXD, EV 103.8 MPH)
|
Top of the 3rd over - 0 runs, 1 hit, 0 errors, 2 left on base; West Michigan 0 - Charleston 1 |
BOTTOM OF THE 3RD |
Charleston RiverDogs batting - Pitching for West Michigan Whitecaps : RHP Chris Wilkerson
|
Batting: LHB Ernesto Abreu
|
0-0: Ground out 5-3 (Groundball, 56S, EV 81.9 MPH)
|
Batting: LHB Joe Vida
|
0-0: Swinging Strike 0-1: Ball 1-1: Foul Ball, location: 2F 1-2: Ball 2-2: Strikes out looking
|
Batting: LHB Marc Durgin
|
0-0: Ground out 5-3 (Groundball, 56, EV 81.9 MPH)
|
Bottom of the 3rd over - 0 runs, 0 hits, 0 errors, 0 left on base; West Michigan 0 - Charleston 1 |
TOP OF THE 4TH |
West Michigan Whitecaps batting - Pitching for Charleston RiverDogs : LHP Dustin Shaw
|
Batting: LHB George Moran
|
0-0: Foul Ball, location: 2F 0-1: Ball 1-1: Ground out 6-3 (Groundball, 6, EV 105.0 MPH)
|
Batting: RHB Aaron Cusick
|
0-0: Ball 1-0: SINGLE (Flyball, 34D, EV 91.2 MPH)
|
Batting: RHB Kevin Steed
|
0-0: Ball 1-0: Foul Ball, location: 2F 1-1: Foul Ball, location: 2F 1-2: Ball 2-2: SINGLE (Groundball, 6S, EV 75.0 MPH) (infield hit) Aaron Cusick to second
|
Batting: SHB Ian Arlotta
|
0-0: Called Strike 0-1: Called Strike 0-2: Strikes out swinging
|
Batting: RHB Jordan Hall
|
0-0: Called Strike 0-1: Called Strike 0-2: Ground out 3-1 (Groundball, 34, EV 87.5 MPH)
|
Top of the 4th over - 0 runs, 2 hits, 0 errors, 2 left on base; West Michigan 0 - Charleston 1 |
BOTTOM OF THE 4TH |
Charleston RiverDogs batting - Pitching for West Michigan Whitecaps : RHP Chris Wilkerson
|
Batting: RHB Iften Olujimi
|
0-0: Ball 1-0: Ball 2-0: SINGLE (Line Drive, 7S, EV 99.4 MPH)
|
Batting: RHB Mike Zern
|
0-0: Ball Wild Pitch! Iften Olujimi to second 1-0: Foul Ball, location: 2F 1-1: Foul Ball, location: 2F 1-2: Ball 2-2: Foul Ball, location: 2F 2-2: Foul Ball, location: 2F 2-2: Ball 3-2: Hit by Pitch
|
Batting: RHB Jeff McClellan
|
0-0: Fly out, F9 (Flyball, 9LS, EV 91.2 MPH)
|
Batting: RHB Nate Singleton
|
0-0: Ball 1-0: Foul Ball, location: 2F 1-1: SINGLE (Line Drive, 7S, EV 103.8 MPH) Iften Olujimi to third Mike Zern to second
|
Batting: LHB Andrew Davis
|
0-0: Ball 1-0: Ball 2-0: Called Strike 2-1: Foul Ball, location: 2F 2-2: Foul Ball, location: 2F 2-2: Ball 3-2: Foul Ball, location: 2F 3-2: Foul Ball, location: 2F 3-2: SINGLE (Groundball, 6MD, EV 105.6 MPH) Iften Olujimi scores Mike Zern to third Nate Singleton to second
|
Batting: RHB Louwe Starmans
|
0-0: Called Strike 0-1: Called Strike 0-2: Fly out, F6 (Line Drive, 6, EV 62.5 MPH) Lined into DP, 6-4 (Line Drive, 6, EV 66.9 MPH)
|
Bottom of the 4th over - 1 run, 3 hits, 0 errors, 2 left on base; West Michigan 0 - Charleston 2 |
TOP OF THE 5TH |
West Michigan Whitecaps batting - Pitching for Charleston RiverDogs : LHP Dustin Shaw
|
Batting: LHB Timotheus Young
|
0-0: Ball 1-0: Foul Ball, location: 2F 1-1: Ball 2-1: SINGLE (Line Drive, 5D, EV 99.4 MPH)
|
Batting: RHB Yankel Pensak
|
0-0: Ball 1-0: Called Strike 1-1: Called Strike 1-2: Foul Ball, location: 2F 1-2: SINGLE (Groundball, 6MD, EV 98.8 MPH) Timotheus Young to second
|
Batting: RHB Eric Angelle
|
0-0: Ball 1-0: Ball 2-0: Foul Ball, location: 2F 2-1: Foul Ball, location: 2F 2-2: Ball 3-2: Fly out, F8 (Flyball, 78D, EV 76.2 MPH)
|
Pitching: RHP Greg Ritchie
|
|
Batting: RHB Ernst Meloche
|
0-0: Called Strike 0-1: Ball 1-1: Called Strike Timotheus Young steals 3rd base 1-2: Fly out, F9 (Flyball, 9LM, EV 90.6 MPH)
|
Batting: LHB George Moran
|
0-0: Ball 1-0: Foul Ball, location: 2F 1-1: Ball 2-1: Swinging Strike 2-2: Foul Ball, location: 2F 2-2: Foul Ball, location: 2F 2-2: Strikes out swinging
|
Top of the 5th over - 0 runs, 2 hits, 0 errors, 2 left on base; West Michigan 0 - Charleston 2 |
BOTTOM OF THE 5TH |
Charleston RiverDogs batting - Pitching for West Michigan Whitecaps : RHP Chris Wilkerson
|
Batting: LHB Ernesto Abreu
|
0-0: Foul Ball, location: 2F 0-1: Foul Ball, location: 2F 0-2: Foul Ball, location: 2F 0-2: Strikes out looking
|
Batting: LHB Joe Vida
|
0-0: Ball 1-0: Called Strike 1-1: Ball 2-1: Ball 3-1: Swinging Strike 3-2: Base on Balls
|
Batting: LHB Marc Durgin
|
0-0: Foul Ball, location: 2F 0-1: Foul Ball, location: 2F 0-2: Ball 1-2: SINGLE (Line Drive, 8RS, EV 104.4 MPH) Joe Vida to second
|
Pitching: RHP Scott King
|
|
Batting: RHB Iften Olujimi
|
0-0: Ball 1-0: Foul Ball, location: 2F 1-1: Swinging Strike 1-2: Ball 2-2: Foul Ball, location: 2F 2-2: Strikes out swinging
|
Batting: RHB Mike Zern
|
0-0: SINGLE (Groundball, 56D, EV 99.4 MPH) Joe Vida to third Marc Durgin to second Runner from 3rd tries for Home, SAFE, throw by LF to home
|
Batting: RHB Jeff McClellan
|
0-0: Foul Ball, location: 2F 0-1: Ball 1-1: Foul Ball, location: 2F 1-2: Strikes out looking
|
Bottom of the 5th over - 1 run, 2 hits, 0 errors, 2 left on base; West Michigan 0 - Charleston 3 |
TOP OF THE 6TH |
West Michigan Whitecaps batting - Pitching for Charleston RiverDogs : RHP Greg Ritchie
|
Batting: RHB Aaron Cusick
|
0-0: Foul Ball, location: 2F 0-1: Swinging Strike 0-2: Ball 1-2: Ground out 6-3 (Groundball, 6, EV 89.4 MPH)
|
Batting: RHB Kevin Steed
|
0-0: Called Strike 0-1: Swinging Strike 0-2: Ball 1-2: Strikes out swinging
|
Batting: SHB Ian Arlotta
|
0-0: Ball 1-0: Foul Ball, location: 2F 1-1: Foul Ball, location: 2F 1-2: Ball 2-2: Foul Ball, location: 2F 2-2: Strikes out swinging
|
Top of the 6th over - 0 runs, 0 hits, 0 errors, 0 left on base; West Michigan 0 - Charleston 3 |
BOTTOM OF THE 6TH |
Charleston RiverDogs batting - Pitching for West Michigan Whitecaps : RHP Scott King
|
Batting: RHB Nate Singleton
|
0-0: Foul Ball, location: 2F 0-1: SINGLE (Line Drive, 6D, EV 103.1 MPH)
|
Batting: LHB Andrew Davis
|
0-0: Ball 1-0: Grounds into double play, 6-4-3 (Groundball, 6MS, EV 90.0 MPH)
|
Batting: RHB Louwe Starmans
|
0-0: Called Strike 0-1: Foul Ball, location: 2F 0-2: Strikes out looking
|
Bottom of the 6th over - 0 runs, 1 hit, 0 errors, 0 left on base; West Michigan 0 - Charleston 3 |
TOP OF THE 7TH |
West Michigan Whitecaps batting - Pitching for Charleston RiverDogs : RHP Greg Ritchie
|
Pitching: RHP Khayyat bin Faruq
|
|
Batting: RHB Jordan Hall
|
0-0: Called Strike 0-1: Foul Ball, location: 2F 0-2: Ball 1-2: Ball 2-2: Ground out 5-3 (Groundball, 56, EV 76.2 MPH)
|
Batting: LHB Timotheus Young
|
0-0: Called Strike 0-1: Called Strike 0-2: Ball 1-2: Ball 2-2: Reached on error, E1 (Groundball, 25, EV 65.6 MPH)
|
Batting: RHB Yankel Pensak
|
0-0: Ball 1-0: Swinging Strike 1-1: Swinging Strike 1-2: Ball Wild Pitch! Timotheus Young to third 2-2: Ball 3-2: Ground out 4-3 (Groundball, 4M, EV 86.2 MPH) Timotheus Young scores
|
Batting: RHB Eric Angelle
|
0-0: Called Strike 0-1: Foul Ball, location: 2F 0-2: Strikes out swinging
|
Top of the 7th over - 1 run, 0 hits, 1 error, 0 left on base; West Michigan 1 - Charleston 3 |
BOTTOM OF THE 7TH |
Charleston RiverDogs batting - Pitching for West Michigan Whitecaps : RHP Scott King
|
Pitching: RHP Alex Amparo
|
|
Batting: LHB Ernesto Abreu
|
0-0: Called Strike 0-1: Ball 1-1: Called Strike 1-2: Ball 2-2: Ball 3-2: Base on Balls
|
Batting: LHB Joe Vida
|
0-0: Called Strike 0-1: Ball 1-1: Ball Ernesto Abreu is caught stealing 2nd base 2-6 2-1: Called Strike 2-2: Strikes out swinging
|
Batting: LHB Marc Durgin
|
0-0: Ground out 6-3 (Groundball, 6, EV 101.9 MPH)
|
Bottom of the 7th over - 0 runs, 0 hits, 0 errors, 0 left on base; West Michigan 1 - Charleston 3 |
TOP OF THE 8TH |
West Michigan Whitecaps batting - Pitching for Charleston RiverDogs : RHP Khayyat bin Faruq
|
Pitching: LHP Ferrie Werkhoven
|
|
Now in LF: John Sprenkel
|
|
Now in RF: Francisco Vargas
|
|
Batting: RHB Ernst Meloche
|
0-0: Called Strike 0-1: Foul Ball, location: 2F 0-2: Ball 1-2: Ground out 4-3 (Groundball, 34, EV 101.2 MPH)
|
Pinch Hitting: RHB Joe Zimmerman
|
0-0: Swinging Strike 0-1: Swinging Strike 0-2: Strikes out swinging
|
Batting: RHB Aaron Cusick
|
0-0: Called Strike 0-1: Called Strike 0-2: Ball 1-2: Ball 2-2: Ball 3-2: Strikes out swinging
|
Top of the 8th over - 0 runs, 0 hits, 0 errors, 0 left on base; West Michigan 1 - Charleston 3 |
BOTTOM OF THE 8TH |
Charleston RiverDogs batting - Pitching for West Michigan Whitecaps : RHP Alex Amparo
|
Now in LF: Joe Zimmerman
|
|
Batting: RHB Iften Olujimi
|
0-0: Called Strike 0-1: Swinging Strike 0-2: Ball 1-2: Strikes out swinging
|
Batting: RHB Mike Zern
|
0-0: Swinging Strike 0-1: Ball 1-1: Ground out 5-3 (Groundball, 56S, EV 71.9 MPH)
|
Batting: RHB Jeff McClellan
|
0-0: Swinging Strike 0-1: Ball 1-1: Ball 2-1: SINGLE (Groundball, 6MD, EV 100.6 MPH)
|
Pitching: RHP T.J. McCullough
|
|
Batting: RHB Nate Singleton
|
0-0: Called Strike Jeff McClellan is caught stealing 2nd base 2-4
|
Bottom of the 8th over - 0 runs, 1 hit, 0 errors, 0 left on base; West Michigan 1 - Charleston 3 |
TOP OF THE 9TH |
West Michigan Whitecaps batting - Pitching for Charleston RiverDogs : LHP Ferrie Werkhoven
|
Batting: RHB Kevin Steed
|
0-0: Ball 1-0: Called Strike 1-1: Ball 2-1: Fly out, F8 (Flyball, 8RM, EV 89.4 MPH)
|
Pinch Hitting: RHB Juan Acero
|
0-0: Called Strike 0-1: Called Strike 0-2: Strikes out swinging
|
Batting: RHB Jordan Hall
|
0-0: Ground out U3 (Groundball, 34, EV 81.2 MPH)
|
Top of the 9th over - 0 runs, 0 hits, 0 errors, 0 left on base; West Michigan 1 - Charleston 3 |
|